 Dungeon Crawl Stone Soup version 0.28-a0-845-gfc338a8e3c (webtiles) character file.

Game seed: 5060570424615157095

149 Brandom the Grasshopper (level 4, -3/35 HPs)
             Began as a Demigod Wanderer on Nov 12, 2021.
             Asphyxiated
             ... in a sewer.
             The game lasted 00:11:50 (3464 turns).

Brandom the Grasshopper (Demigod Wanderer)          Turns: 3464, Time: 00:11:50

Health: -3/35      AC:  9    Str: 11    XL:     4   Next: 82%
Magic:  9/10       EV: 12    Int: 22    God:
Gold:   116        SH:  0    Dex: 11    Spells: 4/8 levels left

rFire   . . .      SeeInvis .   f - +2 short sword (venom)
rCold   . . .      Faith    .   (no shield)
rNeg    . . .      Spirit   .   b - +0 robe
rPois   .          Reflect  .   (no helmet)
rElec   .          Harm     .   e - +2 cloak
rCorr   .          Rampage  .   (no gloves)
Will    .....                   (no boots)
Stlth   +.........              (no amulet)
HPRegen 0.11/turn               g - +4 ring of protection
MPRegen 0.12/turn               (no ring)

@: lethally poisoned (-3 -> -13)
A: high mp 1, forlorn
a: no special abilities


You were in a sewer.
You visited 1 branch of the dungeon, and saw 3 of its levels.
You also visited: Sewer.

You collected 116 gold pieces.

Inventory:

Hand Weapons
 a - a +0 club
 f - a +2 short sword of venom (weapon)
   (You took it off a kobold on level 1 of the Dungeon)
 i - a +1 whip of electrocution
   (You took it off a kobold on level 2 of the Dungeon)
Missiles
 n - 20 poisoned darts (quivered)
Armour
 b - a +0 robe (worn)
 e - a +2 cloak (worn)
   (You found it on level 1 of the Dungeon)
Jewellery
 g - a +4 ring of protection (left hand)
   (You found it on level 2 of the Dungeon)
Scrolls
 c - a scroll of enchant weapon {unknown}
 d - a scroll of teleportation {unknown}
 k - a scroll of magic mapping {unknown}
 l - a scroll of fog {unknown}
Potions
 h - 2 potions of heal wounds {unknown}
 j - a potion of lignification {!q}
 m - a potion of flight
 o - a potion of invisibility {unknown}
 q - a potion of might {unknown}


   Skills:
 + Level 1.5 Fighting
 - Level 2.0 Throwing
 + Level 1.5 Dodging
 - Level 1.0 Stealth
 + Level 2.5 Spellcasting
 + Level 2.2 Hexes
 + Level 1.5 Summonings
 - Level 2.6 Translocations
 - Level 1.0 Fire Magic


You had 4 spell levels left.
You knew the following spells:

 Your Spells              Type           Power      Damage    Failure   Level
a - Summon Small Mammal   Summ           36%        N/A       7%          1
b - Confusing Touch       Hex            12%        N/A       16%         3

Your spell library contained the following spells:

 Spells                   Type           Power      Damage    Failure   Level
 Apportation              Tloc           28%        N/A       4%          1
 Ensorcelled Hibernation  Hex/Ice        14%        N/A       13%         2
 Gell's Gravitas          Tloc           14%        N/A       13%         3
 Tukima's Dance           Hex            12%        N/A       16%         3
 Call Canine Familiar     Summ           9%         N/A       21%         3
 Dazzling Flash           Conj/Hex       14%        N/A       26%         3
 Alistair's Intoxication  Tmut/Pois      1%         N/A       98%         5


Dungeon Overview and Level Annotations

Branches:
Dungeon (3/15)              Sewer (1/1)


Innate Abilities, Weirdness & Mutations

Your attributes grow dramatically as you level up.
You have an increased reservoir of magic. (+10% MP)
You shall have no god before yourself.


Message History

The kobold brigand shouts!
The kobold brigand throws a curare-tipped dart.
The curare-tipped dart hits you.
You are poisoned.
You have difficulty breathing.
You feel yourself slow down.
You enter the shallow water.
Moving in this stuff is going to be slow.
You feel very sick.
You feel very sick.
You feel sick.
The kobold brigand throws a curare-tipped dart.
The curare-tipped dart hits you.
You are more poisoned.
You have difficulty breathing.
* * * LOW HITPOINT WARNING * * *
You feel as though you will be slow longer.
* * * LOW HITPOINT WARNING * * *
You feel very sick.
* * * LOW HITPOINT WARNING * * *
You feel very sick.
The kobold brigand throws a curare-tipped dart.
The curare-tipped dart barely misses you.
Unknown command.
You feel sick.
The kobold brigand throws a curare-tipped dart.
The curare-tipped dart barely misses you.
Unknown command.
As you read the scroll labelled SEROLA ATWOATT, it crumbles to dust.
You assume a fearsome visage.
The kobold brigand looks frightened!
It was a scroll of fear.
You feel sick.
You are no longer poisoned.
You enter the shallow water.
Moving in this stuff is going to be slow.
You see here a river rat skeleton.
You feel yourself speed up.
You enter the shallow water.
Moving in this stuff is going to be slow.
You enter the shallow water.
Moving in this stuff is going to be slow.
You enter the shallow water.
Moving in this stuff is going to be slow.
You see here a rat skeleton.
You start resting.
A kobold brigand is nearby!
The kobold brigand throws a curare-tipped dart.
The curare-tipped dart misses your bat. The curare-tipped dart hits you.
You are lethally poisoned!
You have difficulty breathing.
You die...

##### ##### ##...## ##.≈.##
#..≈.≈#####..≈..#
#...≈.≈÷≈≈≈.≈...#
#≈.≈..#####.@...# ##.≈.##
##≈.≈## ##≈## ##÷## #≈# #b#
#≈# #≈# ##≈## ##≈## #####
##≈..## ##≈.K## ##≈..##
.####.≈≈.≈#####≈..≈.####≈...≈#
.≈≈≈≈≈≈≈≈≈≈≈≈≈≈≈.∩≈.≈≈≈≈≈...≈#


You could see a kobold brigand (ally target) and a friendly bat (summoned).

Vanquished Creatures
  A gnoll (D:3)
  6 adders
  A river rat (Sewer)
  4 worms
  A dart slug (D:2)
  3 bats
  2 endoplasms
  4 giant cockroaches
  4 goblins
  3 hobgoblins
  5 jackals (D:2)
  6 ball pythons
  A frilled lizard (D:1)
  4 kobolds
  7 rats
52 creatures vanquished.

Vanquished Creatures (collateral kills)
  An adder (D:2)
  2 hobgoblins
  A ball python (D:1)
  A bat (D:1)
5 creatures vanquished.

Grand Total: 57 creatures vanquished

Notes
Turn   | Place    | Note
-------+----------+-------------------------------------------
     0 | D:1      | Brandom the Demigod Wanderer began the quest for the Orb.
     0 | D:1      | Brandom set off with the following items: a +0 club, a +0
                  | robe; and the following spells available to memorise:
                  | Apportation, Summon Small Mammal, Gell's Gravitas,
                  | Ensorcelled Hibernation, Confusing Touch, Tukima's Dance,
                  | Dazzling Flash, Call Canine Familiar
     0 | D:1      | Reached XP level 1. HP: 14/14 MP: 5/5
     2 | D:1      | Learned a level 1 spell: Summon Small Mammal
  1229 | D:1      | Reached XP level 2. HP: 22/22 MP: 7/7
  1931 | D:2      | Reached skill level 1 in Fighting
  1931 | D:2      | Reached skill level 1 in Summonings
  1931 | D:2      | Reached XP level 3. HP: 12/28 MP: 8/8
  1935 | D:2      | Learned a level 3 spell: Confusing Touch
  2133 | D:2      | Reached skill level 1 in Dodging
  2807 | D:3      | Reached XP level 4. HP: 9/35 MP: 10/10
  2965 | D:3      | Found a glowing drain.
  2975 | Sewer    | Entered a sewer
  3429 | Sewer    | Noticed a kobold brigand
  3464 | Sewer    | Asphyxiated

Illustrated notes

Levels and vault maps discovered:
D:1:      zaba_arrival_water, layout_loops_ring, minivault_14,
          kennysheep_small_spiral
D:2:      layout_basic
D:3:      layout_basic, cheibrodos_sewer_entry_sluice
Sewer:    sewer_co_15_rooms

Skill      XL: |  1  2  3  4 |
---------------+-------------+-----
Spellcasting   | 2 |  2.5
Fighting       | 1 |  1.5
Summonings     | 1 |  1.5
Dodging        | 1 |  1.5
Hexes          | 2 |  2.2
Throwing       | 2 |  2.0
Stealth        | |  1.0
Translocations | |  2.6
Fire Magic     | |  1.0

Action                   |  1- 3 |  4- 6 || total
-------------------------+-------+-------++-------
Melee: Club              |    20 |       ||    20
       Short sword       |    68 |    57 ||   125
Throw: Dart              |       |    12 ||    12
 Cast: Summon Small Mamm |    15 |     2 ||    17
  Use: Scroll            |     2 |     1 ||     3
 Stab: Sleeping          |     5 |       ||     5
Armor: Robe              |    40 |    34 ||    74
Dodge: Dodged            |    64 |    57 ||   121

Table legend: (Time is in decaauts)
 A = Elapsed time spent in this place.
 B = Non-inter-level travel time spent in this place.
 C = Inter-level travel time spent in this place.
 D = Time resting spent in this place.
 E = Time spent auto-exploring this place.
 F = Levels seen in this place.
 G = Mean time per level.
                   A        B        C        D        E       F      G
               +--------+--------+--------+--------+--------+-----+--------+
         Total |   3564 |   3516 |     48 |    229 |   2517 |   4 |  891.0 |
       Dungeon |   3000 |   2952 |     48 |     91 |   2252 |   3 | 1000.0 |
         Sewer |    563 |    563 |      0 |    138 |    265 |   1 |  563.0 |
               +--------+--------+--------+--------+--------+-----+--------+

Top non-repeatable levels by time:
     D:1: 1807 daAuts
     D:2: 1020 daAuts
   Sewer: 563 daAuts
     D:3: 172 daAuts
